 Dungeon Crawl Stone Soup version 0.20.1-1-g8b1a95d (webtiles) character file.

176 Starchild the Grasshopper (level 5, -2/30 HPs)
             Began as a Kobold Skald on Aug 6, 2017.
             Slain by a wyvern (4 damage)
             ... on level 4 of the Dungeon.
             The game lasted 00:15:02 (4445 turns).

Starchild the Grasshopper (Kobold Skald)            Turns: 4445, Time: 00:15:03

Health: -2/30      AC:  3    Str:  8    XL:     5   Next: 86%
Magic:  5/8        EV: 15    Int: 15    God:
Gold:   182        SH:  0    Dex: 20    Spells: 0/8 levels left

rFire    . . .     SeeInvis .   x - +1 short sword (vamp)
rCold    . . .     Gourm    .   (shield restricted)
rNeg     . . .     Faith    .   b - +0 leather armour
rPois    .         Spirit   .   (no helmet)
rElec    .         Reflect  .   (no cloak)
rCorr    .         Harm     .   (no gloves)
MR       .....                  (no boots)
Stlth    +++.......             (no amulet)
Regen    0.1/turn               p - +5 ring of dexterity
MPRegen  0.2/turn               q - ring of stealth

@: infused
A: carnivore 3
a: no special abilities


You were on level 4 of the Dungeon.
You were not hungry.

You visited 1 branch of the dungeon, and saw 4 of its levels.

You collected 182 gold pieces.

Inventory:

Hand Weapons
 a - a +0 short sword
 x - a +1 vampiric short sword (weapon)
Missiles
 e - 34 stones (quivered)
 m - 22 bolts
Armour
 b - a +0 leather armour (worn)
 t - a +0 buckler
Jewellery
 p - a +5 ring of dexterity (left hand)
 q - a ring of stealth (right hand)
 v - a cursed ring of loudness {unknown}
 B - a +1 ring of evasion {unknown}
Scrolls
 f - a scroll of random uselessness {unknown}
 h - 3 scrolls of identify {unknown}
 j - a scroll of immolation {unknown}
 k - 3 scrolls of recharging {unknown}
 l - 2 scrolls of enchant weapon {unknown}
 o - a scroll of enchant armour {unknown}
 r - 3 scrolls of teleportation {unknown}
 y - 2 scrolls of remove curse {unknown}
Potions
 i - a potion of might {unknown}
 n - a potion of agility {unknown}
 s - a potion of lignification {unknown}
 u - 4 potions of heal wounds {unknown}
 w - a potion of curing {unknown}
 z - a potion of flight {unknown}
 A - a potion of magic {unknown}
 C - a potion of degeneration {unknown}
Books
 c - a book of Battle

   Spells                             Type                      Level
   a - Infusion                       Charms                       1
   b - Shroud of Golubria             Charms/Translocation         2
   c - Song of Slaying                Charms                       2
   d - Spectral Weapon                Hexes/Charms                 3
   e - Regeneration                   Charms/Necromancy            3
 D - a book of Minor Magic

   Spells                             Type                      Level
   a - Magic Dart                     Conjuration                  1
   b - Blink                          Translocation                2
   c - Call Imp                       Summoning                    2
   d - Slow                           Hexes                        2
   e - Conjure Flame                  Conjuration/Fire             3
   f - Mephitic Cloud                 Conjuration/Poison/Air       3
Comestibles
 d - a meat ration
 g - a royal jelly


   Skills:
 - Level 2.1 Fighting
 - Level 2.6 Short Blades
 - Level 0.7 Armour
 - Level 2.4 Dodging
 - Level 2.1 Spellcasting
 - Level 3.5 Charms
 + Level 0.4 Necromancy
 - Level 3.8 Translocations


You couldn't memorise any spells.
You knew the following spells:

 Your Spells              Type           Power        Failure   Level  Hunger
a - Infusion              Chrm           ##..         7%          1    #......
b - Song of Slaying       Chrm           ##......     11%         2    ###....
c - Shroud of Golubria    Chrm/Tloc      ##........   10%         2    ###....
d - Regeneration          Chrm/Necr      #.........   38%         3    ###....


Dungeon Overview and Level Annotations

Branches:
Dungeon (4/15)
 Temple: D:4-7

Altars:
Gozag


Innate Abilities, Weirdness & Mutations

You are small and have problems with some larger weapons.
You are carnivorous and can eat meat at any time.


Message History

You hit the wyvern but do no damage.
The wyvern is lightly wounded.
The wyvern barely misses you.
Your shroud bends the wyvern's attack away.
You hit the wyvern but do no damage.
The wyvern is lightly wounded.
The wyvern bites you!!
Ouch! That really hurt!
Your shroud falls apart!
You hit the wyvern.
The wyvern is moderately wounded.
The wyvern closely misses you. The wyvern bites you!
* * * LOW HITPOINT WARNING * * *
You closely miss the wyvern.
The wyvern is lightly wounded.
The wyvern barely misses you.
You hit the wyvern.
You feel better.
The wyvern is moderately wounded.
The wyvern bites you.
You die...

...................#
##################.#
#.# #.# #.# #.# #.#
####### ##########.#
....... .......l@..#
####### #.###.######
# #.# #.# #.# #.#
#.# #.# #.# #.# #.#
#.#


You could see a wyvern.

Vanquished Creatures
  An orc priest (D:3)
  Terence (D:3)
  3 adders (D:3)
  A dart slug (D:1)
  A worm (D:2)
  2 leopard geckos
  6 orcs
  2 ball pythons
  8 bats
  5 giant cockroaches
  9 goblins
  12 hobgoblins
  2 quokkas
  6 frilled lizards
  12 kobolds
  10 rats
81 creatures vanquished.

Notes
Turn   | Place    | Note
-------+----------+-------------------------------------------
     0 | D:1      | Starchild the Kobold Skald began the quest for the Orb.
     0 | D:1      | Reached XP level 1. HP: 12/12 MP: 3/3
   369 | D:1      | Reached XP level 2. HP: 15/17 MP: 1/5
   461 | D:1      | Learned a level 2 spell: Song of Slaying
   464 | D:1      | Learned a level 2 spell: Shroud of Golubria
   985 | D:1      | Reached XP level 3. HP: 21/21 MP: 6/6
  2097 | D:2      | Reached skill level 1 in Translocations
  2097 | D:2      | HP: 1/21 [frilled lizard (1)]
  2101 | D:2      | Reached XP level 4. HP: 6/26 MP: 5/7
  2782 | D:3      | Reached XP level 5. HP: 29/30 MP: 2/8
  2834 | D:3      | Learned a level 3 spell: Regeneration
  2959 | D:3      | Noticed Terence
  2978 | D:3      | Killed Terence
  4222 | D:4      | Found an opulent altar of Gozag.
  4434 | D:4      | Noticed a wyvern
  4442 | D:4      | HP: 1/30 [wyvern (11)]
  4445 | D:4      | Slain by a wyvern

Skill      XL: |  1  2  3  4  5 |
---------------+----------------+-----
Charms         | 3 |  3.5
Translocations | 1 2 3 |  3.8
Fighting       | |  2.1
Short Blades   | |  2.6
Armour         | |  0.7
Dodging        | |  2.4
Spellcasting   | |  2.1
Necromancy     | |  0.4

Action                   |  1- 3 |  4- 6 || total
-------------------------+-------+-------++-------
Melee: Short sword       |   168 |   180 ||   348
Throw: Stone             |     1 |       ||     1
 Cast: Infusion          |     7 |     6 ||    13
       Song of Slaying   |     3 |     4 ||     7
       Shroud of Golubri |     1 |     2 ||     3
 Stab: Sleeping          |     1 |     3 ||     4
  Eat: Chunk             |     9 |    10 ||    19
Armor: Leather armour    |    27 |    22 ||    49
Dodge: Dodged            |   131 |   144 ||   275
